 Dungeon Crawl Stone Soup version 0.32-a0-18-g89e19f1974 (webtiles) character file.

Game seed: 4362984039964853382

90 Curundu the Chopper (level 4, -8/58 HPs)
             Began as a Minotaur Berserker on Jan 16, 2024.
             Was a Believer of Trog.
             Mangled by Crazy Yiuf
             ... wielding a +4 quarterstaff of chaos
              (16 damage)
             ... on level 2 of the Dungeon.
             The game lasted 00:04:58 (1636 turns).

Curundu the Chopper (Minotaur Berserker)            Turns: 1636, Time: 00:04:58

Health: -8/58      AC:  8    Str: 23    XL:     4   Next: 32%
Magic:  3/3        EV:  9    Int:  4    God:    Trog [**....]
Gold:   73         SH:  0    Dex: 10    Spells: 3/3 levels left

rFire   . . .        a - +1 hand axe
rCold   . . .        (no shield)
rNeg    . . .        d - +0 chain mail
rPois   .            (helmet restricted)
rElec   .            (no cloak)
rCorr   .            (no gloves)
SInv    .            (no boots)
Will    ++...        (no amulet) Stlth
                     (no ring)
HPRegen 1.29/turn    (no ring)
MPRegen 0.08/turn

%: no passive effects
@: berserking, lethally poisoned (-8 -> -10), strong-willed, regenerating, very
quick
A: horns 2, retaliatory headbutt
a: Renounce Religion, Berserk, Trog's Hand


You were on level 2 of the Dungeon.
You worshipped Trog.
Trog was pleased with you.
You visited 1 branch of the dungeon, and saw 2 of its levels.

You collected 73 gold pieces.

Inventory:

Hand Weapons
 a - a +1 hand axe (weapon)
Armour
 d - a +0 chain mail (worn)
Jewellery
 h - a ring of protection from fire
Scrolls
 c - 3 scrolls of identify
Potions
 b - a potion of heal wounds
 e - 2 potions of curing {unknown}
 f - a potion of cancellation {unknown}
 g - a potion of haste {unknown}


   Skills:
 - Level 3.6 Fighting
 + Level 6.3 Axes
 - Level 2.4 Armour
 - Level 2.1 Dodging


You had 3 spell levels left.
You didn't know any spells.
Your spell library was empty.

Dungeon Overview and Level Annotations

Branches:
Dungeon (2/15)

Altars:

Annotations:
D:2 Crazy Yiuf


Innate Abilities, Weirdness & Mutations

You have a pair of horns on your head.
You reflexively headbutt those who attack you in melee.


Message History

As you open the door, it creaks loudly!
There is an open door here.
You open the door.
There is an open door here.
Found a hammer.
Found a hammer.
Found a hammer.
You see here a +0 hammer.
Found seven hammers.
Found a runed translucent door.
You see here a +0 hammer.
Found a hammer.
Crazy Yiuf shouts!
Crazy Yiuf cries, "Nubble!
Blight rumpyflump illywillydillykilly."
You see here a +0 hammer.
You see here a +0 hammer.
Found three hammers.
Crazy Yiuf grits, "Orb verde shoe!"
You see here a +0 hammer.
You open the door. You closely miss Crazy Yiuf. You headbutt Crazy Yiuf!
Crazy Yiuf is heavily wounded.
Crazy Yiuf hits you with a +4 quarterstaff of chaos!
You are poisoned.
You closely miss Crazy Yiuf.
Crazy Yiuf is heavily wounded.
You feel very sick.
Crazy Yiuf hits you with a +4 quarterstaff of chaos.
You are electrocuted!
* * * LOW HITPOINT WARNING * * *
Your skin crawls.
You feel strong-willed.
You feel very sick.
Crazy Yiuf hits you with a +4 quarterstaff of chaos.
* * * LOW HITPOINT WARNING * * *
Crazy Yiuf draws strength from your wounds!
A red film seems to cover your vision as you go berserk!
You feel yourself moving faster!
You feel mighty!
You feel very sick.
Crazy Yiuf hits you with a +4 quarterstaff of chaos!
You die...

+.........'...†.>................
#.......<.####...###########...##
##.......## #..## #..## ##.....##
#### #.#### ##...## #.###. ##+##
♣♣♣♣♣### #..##. #.# ###
♣♣♣)♣).#.####.##. ### #.#
#)))#♣))♣).....###.##. ..###.##
#.))g@♣♣♣♣............ #.##...##
#)))#♣♣ ♣♣.#......... #.#.....#
### ♣♣##........ #.##...##
#........ .......# #........
#.####.########## #........ #.#
#.......##.# #........ ..#
####.#####.# #<....... ###
#.......# #........


You could see Crazy Yiuf.

Vanquished Creatures
  Robin (D:2)
  2 adders (D:2)
  A dart slug (D:1)
  4 endoplasms
  18 goblins
  2 hobgoblins (D:2)
  4 jackals (D:1)
  2 kobolds
  2 quokkas (D:2)
  6 ball pythons
  4 bats (D:1)
  A frilled lizard (D:1)
  6 rats
53 creatures vanquished.

Vanquished Creatures (others)
  A frilled lizard (D:2)
1 creature vanquished.

Grand Total: 54 creatures vanquished

Notes
Turn   | Place    | Note
-------+----------+-------------------------------------------
     0 | D:1      | Curundu the Minotaur Berserker began the quest for the Orb.
     0 | D:1      | Reached XP level 1. HP: 19/19 MP: 0/0
   154 | D:1      | Reached skill level 4 in Axes
   292 | D:1      | Reached XP level 2. HP: 26/26 MP: 1/1
   462 | D:1      | Reached skill level 5 in Axes
   481 | D:1      | Found a faded altar of an unknown god.
   573 | D:1      | Reached XP level 3. HP: 31/31 MP: 2/2
  1008 | D:2      | Reached ** piety under Trog
  1283 | D:2      | Noticed Robin
  1297 | D:2      | Reached skill level 6 in Axes
  1297 | D:2      | Reached XP level 4. HP: 20/39 MP: 3/3
  1307 | D:2      | Killed Robin
  1628 | D:2      | Found a runed translucent door.
  1629 | D:2      | Noticed Crazy Yiuf
  1636 | D:2      | Mangled by Crazy Yiuf

Illustrated notes

Levels and vault maps discovered:
D:1:      lemuel_arrival_muddy, layout_loops_corners,
          shapermc_ecumenical_altar_notcrosses
D:2:      layout_loops_corners, uniq_robin, uniq_crazy_yiuf_cottage,
          uniq_sigmund

Skill      XL: |  1  2  3 |
---------------+----------+-----
Axes           | 4 5 6 |  6.3
Fighting       | |  3.6
Armour         | |  2.4
Dodging        | |  2.1

Action                     |  1- 3 |  4- 6 || total
---------------------------+-------+-------++-------
  Melee: Hand axe          |    68 |    18 ||    86
         Headbutt          |     9 |     2 ||    11
 Invoke: Trog's Hand       |       |     2 ||     2
         Berserk           |       |     1 ||     1
    Use: Scroll            |     3 |       ||     3
 Armour: Chain mail        |    73 |    14 ||    87
  Dodge: Dodged            |    43 |     6 ||    49

Table legend: (Time is in decaauts)
 A = Elapsed time spent in this place.
 B = Non-inter-level travel time spent in this place.
 C = Inter-level travel time spent in this place.
 D = Time resting spent in this place.
 E = Time spent auto-exploring this place.
 F = Levels seen in this place.
 G = Mean time per level.
                   A        B        C        D        E       F      G
               +--------+--------+--------+--------+--------+-----+--------+
         Total |   1639 |   1639 |      0 |     11 |   1287 |   2 |  819.5 |
       Dungeon |   1639 |   1639 |      0 |     11 |   1287 |   2 |  819.5 |
               +--------+--------+--------+--------+--------+-----+--------+

Top non-repeatable levels by time:
     D:1: 940 daAuts
     D:2: 698 daAuts
